 Dungeon Crawl Stone Soup version 0.27.1 (webtiles) character file.

Game seed: 15932595982169085188

2692 Renzlar the Blocker (level 9, -5/74 HPs)
             Began as a Gnoll Fighter on Aug 27, 2021.
             Slain by a komodo dragon (19 damage)
             ... on level 7 of the Dungeon.
             The game lasted 00:23:24 (6394 turns).

Renzlar the Blocker (Gnoll Fighter)                 Turns: 6394, Time: 00:23:24

Health: -5/74      AC: 13    Str: 22    XL:     9   Next: 65%
Magic:  15/15      EV:  8    Int:  8    God:
Gold:   249        SH: 17    Dex: 12    Spells: 16/16 levels left

rFire    + . .     SeeInvis .   d - +2 hand axe (venom)
rCold    . . .     Faith    .   B - +1 kite shield
rNeg     . . .     Spirit   .   e - +0 chain mail
rPois    .         Reflect  +   F - +0 helmet "Nimeum" {rF+ rCorr Str+4}
rElec    .         Harm     .   u - +0 cloak
rCorr    +         Rampage  .   (no gloves)
Will     .....                  (no boots)
Stlth    ..........             C - amulet of reflection
HPRegen  0.22/turn              (no ring)
MPRegen  0.14/turn              (no ring)

@: no status effects
A: fangs 1, strong nose, distributed training
a: no special abilities


You were on level 7 of the Dungeon.
You visited 2 branches of the dungeon, and saw 8 of its levels.

You collected 249 gold pieces.

Inventory:

Hand Weapons
 a - a +1 war axe
 c - a +0 hunting sling
 d - a +2 hand axe of venom (weapon)
 p - a +0 hand crossbow
 s - a +4 dagger of electrocution
Missiles
 h - 142 stones (quivered)
 k - 72 sling bullets
 m - 46 bolts
 A - 26 poisoned darts
Armour
 e - a +0 chain mail (worn)
 r - a +1 plate armour of fire resistance
 u - a +0 cloak (worn)
 B - a +1 kite shield (worn)
 F - the +0 helmet "Nimeum" (worn) {rF+ rCorr Str+4}
   (You acquired it on level 6 of the Dungeon)

   Str:       It affects your strength (+4).
   rF:        It protects you from fire.
   rCorr:     It protects you from acid and corrosion.
Jewellery
 b - the ring of Galin {rN+ Str-4 Int+2 Dex+7 SInv}
   (You acquired it on level 3 of the Dungeon)

   [ring of positive energy]

   Str:       It affects your strength (-4).
   Int:       It affects your intelligence (+2).
   Dex:       It affects your dexterity (+7).
   rN:        It protects you from negative energy.
   SInv:      It lets you see invisible.
 l - a ring of ice
 C - an amulet of reflection (around neck)
Wands
 t - a wand of flame (41)
Scrolls
 f - 2 scrolls of magic mapping
 j - 8 scrolls of teleportation
 w - a scroll of fog {unknown}
 y - a scroll of enchant armour
Potions
 g - a potion of lignification {unknown}
 i - a potion of brilliance {unknown}
 n - 2 potions of resistance {unknown}
 o - a potion of berserk rage {unknown}
 q - a potion of cancellation {unknown}
 v - 2 potions of degeneration {unknown}
 x - 4 potions of curing
 z - 3 potions of haste
 D - a potion of invisibility {unknown}
 E - 2 potions of flight {unknown}


   Skills:
 + Level 8.0 Fighting
 + Level 4.4 Short Blades
 + Level 4.4 Long Blades
 + Level 6.4 Axes
 + Level 4.4 Maces & Flails
 + Level 4.4 Polearms
 + Level 4.4 Staves
 + Level 4.4 Slings
 + Level 4.4 Bows
 + Level 4.4 Crossbows
 + Level 4.4 Throwing
 + Level 8.0 Armour
 + Level 4.4 Dodging
 + Level 4.4 Stealth
 + Level 8.0 Shields
 + Level 4.4 Unarmed Combat
 + Level 4.4 Spellcasting
 + Level 3.6 Conjurations
 + Level 3.6 Hexes
 + Level 3.6 Summonings
 + Level 3.6 Necromancy
 + Level 3.6 Translocations
 + Level 3.6 Transmutations
 + Level 3.6 Fire Magic
 + Level 3.6 Ice Magic
 + Level 3.6 Air Magic
 + Level 3.6 Earth Magic
 + Level 3.6 Poison Magic
 + Level 4.9 Invocations
 + Level 4.4 Evocations


You had 16 spell levels left.
You didn't know any spells.
Your spell library contained the following spells:

 Spells                   Type           Power      Damage    Failure   Level
 Sublimation of Blood     Necr           3%         N/A       83%         2
 Call Canine Familiar     Summ           7%         N/A       97%         3
 Portal Projectile        Hex/Tloc       14%        N/A       97%         3
 Leda's Liquefaction      Hex/Erth       3%         N/A       100%        4
 Petrify                  Tmut/Erth      7%         N/A       100%        4
 Irradiate                Conj/Tmut      3%         3d15      100%        5


Dungeon Overview and Level Annotations

Branches:
Dungeon (7/15)             Temple (1/1) D:4

Altars:
Ashenzari
Cheibriados
Dithmenos
Elyvilon
Fedhas
Gozag
Kikubaaqudgha
Makhleb
Sif Muna
Trog
Uskayaw
Vehumet
Wu Jian
Xom
Zin

Shops:
D:5 (


Innate Abilities, Weirdness & Mutations

You have very sharp teeth.
Your uncanny sense of smell can sniff out nearby items.
Your experience applies equally to all skills.


Message History

The komodo dragon is moderately wounded.
You block the komodo dragon's attack. The komodo dragon bites you.
Your chain mail prevents you from hitting the komodo dragon.
You bite the komodo dragon, but do no damage.
The komodo dragon is moderately wounded.
You block the komodo dragon's attack.
You completely miss the komodo dragon.
The komodo dragon is heavily wounded.
You block the komodo dragon's attack.
You hit the komodo dragon but do no damage.
The komodo dragon is heavily wounded.
The komodo dragon bites you!!
You hit the komodo dragon but do no damage.
The komodo dragon looks as sick as possible!
The komodo dragon is severely wounded.
The komodo dragon bites you!!
* * * LOW HITPOINT WARNING * * *
An orc warrior comes into view. It is wielding a +0 dire flail.
Unknown command.
The orc warrior shouts!
You hit the komodo dragon.
The komodo dragon looks as sick as possible!
The komodo dragon is severely wounded.
An orc comes into view. It is wielding a +0 hand axe.
You block the komodo dragon's attack.
You closely miss the komodo dragon.
The orc shouts!
You bite the komodo dragon, but do no damage.
The komodo dragon is severely wounded.
You hear a shout!
The komodo dragon barely misses you.
An orc comes into view. It is wielding a +0 dagger.
An orc wizard comes into view. It is wielding a +0 dagger.
Unknown command.
The orc shouts!
You hit the komodo dragon.
The komodo dragon looks as sick as possible!
The komodo dragon is almost dead.
The komodo dragon bites you!!
You die...

#..# #..# #
#... .. ∆
#..# .##
#..# ....
#..# ....o
#..###...o..
#>..@l(..oo.
##.###......
#.# .....
#.# .... #.#
### #.# #.#
#.# #.#


You could see a komodo dragon (extremely poisoned), an orc warrior, an orc
wizard and 2 orcs.

Vanquished Creatures
  Pikel (D:5)
  A steam dragon (D:6)
  Menkaure (D:5)
  A water moccasin (D:6)
  An orc warrior (D:6)
  3 ogres
  An ice beast (D:6)
  A sky beast (D:7)
  5 necrophages (D:4)
  A centaur (D:7)
  2 lemures (D:5)
  A bullfrog (D:6)
  A scorpion (D:4)
  A wyvern skeleton (D:6)
  A howler monkey (D:4)
  2 hounds
  2 jellies
  2 gnoll shamans (D:6)
  3 orc priests
  2 iguanas
  2 orc wizards
  2 hound zombies (D:4)
  7 gnolls
  7 adders
  A shadow imp (D:5)
  A white imp (D:6)
  2 ufetubi (D:6)
  An adder skeleton (D:4)
  2 worms (D:3)
  3 dart slugs
  10 orcs
  4 ball pythons
  8 endoplasms
  2 giant cockroaches
  10 hobgoblins
  3 jackals (D:2)
  2 quokkas
  5 bats
  2 frilled lizards
  10 goblins
  7 kobolds
  7 rats
131 creatures vanquished.

Vanquished Creatures (others)
  4 bushes (D:4)
  A fungus (D:4)
  13 plants (D:4)
18 creatures vanquished.

Grand Total: 149 creatures vanquished

Notes
Turn   | Place    | Note
-------+----------+-------------------------------------------
     0 | D:1      | Renzlar the Gnoll Fighter began the quest for the Orb.
     0 | D:1      | Reached XP level 1. HP: 23/23 MP: 1/1
    17 | D:1      | Reached XP level 2. HP: 23/29 MP: 2/2
   545 | D:2      | Reached XP level 3. HP: 33/35 MP: 3/3
   673 | D:2      | Reached skill level 1 in Invocations
  1125 | D:2      | Reached skill level 1 in Short Blades
  1125 | D:2      | Reached skill level 1 in Long Blades
  1125 | D:2      | Reached skill level 1 in Maces & Flails
  1125 | D:2      | Reached skill level 1 in Polearms
  1125 | D:2      | Reached skill level 1 in Staves
  1125 | D:2      | Reached skill level 1 in Slings
  1125 | D:2      | Reached skill level 1 in Bows
  1125 | D:2      | Reached skill level 1 in Crossbows
  1125 | D:2      | Reached skill level 1 in Throwing
  1125 | D:2      | Reached skill level 1 in Dodging
  1125 | D:2      | Reached skill level 1 in Stealth
  1125 | D:2      | Reached skill level 1 in Unarmed Combat
  1125 | D:2      | Reached skill level 1 in Spellcasting
  1125 | D:2      | Reached skill level 1 in Evocations
  1307 | D:3      | Reached XP level 4. HP: 40/41 MP: 5/5
  1859 | D:3      | Reached skill level 1 in Conjurations
  1859 | D:3      | Reached skill level 1 in Hexes
  1859 | D:3      | Reached skill level 1 in Summonings
  1859 | D:3      | Reached skill level 1 in Necromancy
  1859 | D:3      | Reached skill level 1 in Translocations
  1859 | D:3      | Reached skill level 1 in Transmutations
  1859 | D:3      | Reached skill level 1 in Fire Magic
  1859 | D:3      | Reached skill level 1 in Ice Magic
  1859 | D:3      | Reached skill level 1 in Air Magic
  1859 | D:3      | Reached skill level 1 in Earth Magic
  1859 | D:3      | Reached skill level 1 in Poison Magic
  2298 | D:3      | Identified a scroll of acquirement
  2298 | D:3      | Acquired the ring of Galin {rN+ Str-4 Int+2 Dex+7 SInv}
  2365 | D:4      | Noticed a necrophage
  2372 | D:4      | Killed a necrophage
  2373 | D:4      | Reached XP level 5. HP: 47/47 MP: 5/7
  2418 | D:4      | Reached XP level 6. HP: 53/53 MP: 8/8
  2437 | D:4      | Found a blossoming altar of Fedhas.
  2499 | D:4      | Found a glowing silver altar of Zin.
  2921 | D:4      | Reached skill level 5 in Axes
  3617 | D:4      | Found a burning altar of Makhleb.
  3622 | D:4      | Reached XP level 7. HP: 58/59 MP: 10/10
  3814 | D:4      | Found a staircase to the Ecumenical Temple.
  4032 | D:5      | Entered Level 5 of the Dungeon
  4032 | D:5      | Noticed a +0 hand axe
  4032 | D:5      | Noticed Menkaure
  4032 | D:5      | Found Qitos's Weapon Shop.
  4033 | D:5      | Noticed a +0 dagger
  4046 | D:5      | Killed Menkaure
  4047 | D:5      | Reached XP level 8. HP: 26/67 MP: 12/12
  4053 | D:5      | Found a hide-covered altar of Uskayaw.
  4485 | D:5      | Noticed Pikel
  4532 | D:5      | Killed Pikel
  4769 | D:5      | Found a radiant altar of Vehumet.
  4990 | Temple   | Entered the Ecumenical Temple
  5117 | D:6      | Acquired the +0 helmet "Nimeum" {rF+ rCorr Str+4}
  5209 | D:6      | Reached XP level 9. HP: 71/73 MP: 14/14
  5662 | D:6      | Found a shimmering blue altar of Sif Muna.
  6379 | D:7      | Noticed a komodo dragon
  6394 | D:7      | Slain by a komodo dragon

Illustrated notes

Levels and vault maps discovered:
D:1:      co_arrival_square_in_a_square_in_a_square, layout_rooms
D:2:      kb_forest_paths, layout_basic, serial_curves, eino_curves_02,
          eino_curves_02, hangedman_decor_points
D:3:      layout_loops_corners
D:4:      layout_cave_pods, fedhas_altar_decomposition,
          makhleb_heckhound_becter, mainiacjoe_overflow_boulevard,
          minmay_temple_entry_from_below_b, minmay_goblin_outpost
D:5:      layout_cave_pools, dancing_weapons_uskayaw,
          nicolae_vehumet_altar_sigil, serial_shops, shop, uniq_pikel,
          uniq_menkaure
D:6:      layout_cave_pools, nicolae_sif_muna_condensation
D:7:      layout_basic
Temple:   kb_temple_of_zot

Skill      XL: |  1  2  3  4  5  6  7  8  9 |
---------------+----------------------------+-----
Invocations    | 1 2 3 4 |  4.9
Short Blades   | 1 2 3 4 |  4.4
Long Blades    | 1 2 3 4 |  4.4
Maces & Flails | 1 2 3 4 |  4.4
Polearms       | 1 2 3 4 |  4.4
Staves         | 1 2 3 4 |  4.4
Slings         | 1 2 3 4 |  4.4
Bows           | 1 2 3 4 |  4.4
Crossbows      | 1 2 3 4 |  4.4
Throwing       | 1 2 3 4 |  4.4
Dodging        | 1 2 3 4 |  4.4
Stealth        | 1 2 3 4 |  4.4
Unarmed Combat | 1 2 3 4 |  4.4
Spellcasting   | 1 2 3 4 |  4.4
Evocations     | 1 2 3 4 |  4.4
Conjurations   | 1 2 3 |  3.6
Hexes          | 1 2 3 |  3.6
Summonings     | 1 2 3 |  3.6
Necromancy     | 1 2 3 |  3.6
Translocations | 1 2 3 |  3.6
Transmutations | 1 2 3 |  3.6
Fire Magic     | 1 2 3 |  3.6
Ice Magic      | 1 2 3 |  3.6
Air Magic      | 1 2 3 |  3.6
Earth Magic    | 1 2 3 |  3.6
Poison Magic   | 1 2 3 |  3.6
Axes           | 5 6 |  6.4
Fighting       | 7 8 |  8.0
Armour         | 7 8 |  8.0
Shields        | 7 8 |  8.0

Action                   |  1- 3 |  4- 6 |  7- 9 || total
-------------------------+-------+-------+-------++-------
Melee: War axe           |    95 |   154 |   120 ||   369
       Bite              |    16 |    15 |    26 ||    57
       Dagger            |       |     2 |    34 ||    36
       Hand axe          |       |       |    15 ||    15
 Fire: Hunting sling     |       |    16 |    70 ||    86
       Hand crossbow     |       |     2 |     3 ||     5
Throw: Stone             |     1 |     4 |       ||     5
Evoke: Wand              |       |     2 |       ||     2
  Use: Scroll            |     3 |     3 |     6 ||    12
       Potion            |       |     1 |     1 ||     2
Armor: Scale mail        |     2 |       |       ||     2
       Chain mail        |    40 |    53 |    77 ||   170
       Plate armour      |       |    19 |       ||    19
Dodge: Dodged            |    17 |    26 |    36 ||    79
Block: Kite shield       |    51 |    88 |   175 ||   314
       Reflection        |       |       |     1 ||     1
